 Dungeon Crawl Stone Soup version 0.24.0-123-gd5b16e6ec5 (webtiles) character file.

Game seed: 1635465113622004293, levelgen mode: deterministic

1437 4FPSwarrior the Magician (level 8, -2/41 HPs)
             Began as a Deep Elf Wizard on Jan 24, 2020.
             Shot with an arrow by a centaur (8 damage)
             ... on level 6 of the Dungeon.
             The game lasted 00:21:14 (7080 turns).

4FPSwarrior the Magician (Deep Elf Wizard)          Turns: 7080, Time: 00:21:14

Health: -2/41      AC:  3    Str:  5    XL:     8   Next: 45%
Magic:  20/20      EV: 13    Int: 25    God:
Gold:   22         SH:  0    Dex: 13    Spells: 10/21 levels left

rFire    . . .     SeeInvis .   u - +0 scimitar
rCold    . . .     Gourm    .   (no shield)
rNeg     . . .     Faith    .   a - +0 robe
rPois    +         Spirit   .   s - +0 helmet
rElec    .         Reflect  .   (no cloak)
rCorr    .         Harm     .   (no gloves)
MR       .....                  (no boots)
Stlth    ++........             (no amulet)
HPRegen  0.13/turn              g - ring of poison resistance
MPRegen  0.17/turn              (no ring)

@: no status effects
A: no striking features
a: no special abilities


You were on level 6 of the Dungeon.
You were hungry.

You visited 1 branch of the dungeon, and saw 6 of its levels.

You collected 211 gold pieces.
You spent 189 gold pieces at shops.

Inventory:

Hand Weapons
 k - a +0 dagger
 u - a +0 scimitar (weapon)
Missiles
 e - 213 stones (quivered)
Armour
 a - a +0 robe (worn)
 b - a +0 hat
 s - a +0 helmet (worn)
Jewellery
 g - a ring of poison resistance (left hand)
 o - an uncursed ring of stealth {unknown}
 v - an uncursed ring of resist corrosion
Scrolls
 i - 2 scrolls of amnesia
 j - 2 scrolls of teleportation
 p - 2 scrolls of blinking
 q - a scroll of enchant weapon {unknown}
 r - a scroll of noise {unknown}
 y - a scroll of enchant armour {unknown}
 C - 2 scrolls of identify
 D - 2 scrolls of fog {unknown}
Potions
 c - a potion of invisibility {unknown}
 f - a potion of degeneration {unknown}
 h - a potion of cancellation {unknown}
 l - 2 potions of heal wounds {unknown}
 m - a potion of agility
 n - 5 potions of curing
 t - a potion of flight {unknown}
 w - a potion of berserk rage {unknown}
 z - 2 potions of haste {unknown}
 A - a potion of might {unknown}
 B - a potion of resistance {unknown}
Comestibles
 d - 12 rations


   Skills:
 - Level 2.4 Dodging
 - Level 2.4 Stealth
 + Level 7.0 Spellcasting
 * Level 6.6 Conjurations
 + Level 4.2 Summonings
 + Level 3.7 Translocations
 + Level 3.1 Fire Magic
 + Level 2.9 Air Magic
 + Level 3.1 Poison Magic


You had 10 spell levels left.
You knew the following spells:

 Your Spells              Type           Power        Failure   Level  Hunger
a - Magic Dart            Conj           ####         1%          1    None
b - Call Imp              Summ           ####....     1%          2    None
c - Blink                 Tloc           N/A          2%          2    None
d - Mephitic Cloud        Conj/Pois/Air  ####....     3%          3    None
e - Conjure Flame         Conj/Fire      ####....     2%          3    None

Your spell library contained the following spells:

 Spells                   Type           Power        Failure   Level  Hunger
 Slow                     Hex            #.......     10%         2    None


Dungeon Overview and Level Annotations

Branches:
Dungeon (6/15)
 Temple: D:4-7

Altars:
Cheibriados
Gozag
Qazlal

Shops:
D:5 *

Annotations:
D:2 1 runed translucent door, Crazy Yiuf
D:5 exclusion: downstairs


Message History

Your crimson imp disappears in a puff of smoke!
There is a stone staircase leading down here.
You start resting.
You are feeling hungry.
You start resting.
HP restored.
You see here 17 poisoned darts.
There is a stone staircase leading down here.
You climb downwards.
Found a potion of curing.
There is a stone staircase leading up here.
You see here a potion of curing.
n - 5 potions of curing (gained 1)
The centaur shoots an arrow.
The arrow hits you! The arrow freezes you.
The centaur shoots an arrow.
The arrow hits you!
* * * LOW HITPOINT WARNING * * *
The arrow freezes you.
* * * LOW HITPOINT WARNING * * *
The centaur shoots an arrow.
The arrow hits you!
You die...

≈≈≈≈≈...≈≈≈≈≈# .#
≈≈≈≈≈≈≈c≈≈≈≈≈##.###
###≈≈≈≈≈≈≈≈≈≈≈≈≈.....###
.(<≈≈≈≈≈≈≈≈≈≈≈≈≈#.......
..>≈≈≈≈≈≈≈≈≈≈≈≈≈......##
.#oh≈≈≈≈≈≈≈≈≈≈≈≈.......#
.o...###.##...(......#.#
..... .................
#...#....###....@....#.
#.⌠.#... #.........#
#...###.. #.....<..^#
###########


You could see a centaur.

Vanquished Creatures
  An ice beast (D:5)
  An orc warrior (D:5)
  A sky beast (D:5)
  A centaur (D:5)
  2 phantoms (D:4)
  An ogre (D:4)
  Blork the orc (D:4)
  2 scorpions (D:5)
  2 howler monkeys (D:5)
  2 crimson imps (D:5)
  2 hounds (D:4)
  An iguana (D:4)
  2 orc wizards
  6 worker ants
  A howler monkey skeleton (D:5)
  7 adders
  A shadow imp (D:5)
  A worm (D:2)
  4 dart slugs
  3 leopard geckos
  5 orcs
  2 ball pythons
  2 giant cockroaches (D:2)
  13 goblins
  6 hobgoblins
  7 jackals
  3 kobolds
  A quokka (D:5)
  A ball python skeleton (D:4)
  7 bats
  5 frilled lizards
  5 rats
  A fungus (D:2)
100 creatures vanquished.

Vanquished Creatures (collateral kills)
  A sky beast (D:5)
  Robin (D:2)
  4 goblins (D:2)
6 creatures vanquished.

Vanquished Creatures (others)
  An orc (D:6)
1 creature vanquished.

Grand Total: 107 creatures vanquished

Notes
Turn   | Place    | Note
-------+----------+-------------------------------------------
     0 | D:1      | 4FPSwarrior the Deep Elf Wizard began the quest for the
                  | Orb.
     0 | D:1      | Reached XP level 1. HP: 10/10 MP: 7/7
   232 | D:1      | Reached XP level 2. HP: 15/15 MP: 4/9
  1184 | D:2      | Learned a level 2 spell: Call Imp
  1232 | D:2      | Reached XP level 3. HP: 19/19 MP: 7/11
  1292 | D:2      | Reached skill level 5 in Spellcasting
  1493 | D:2      | Noticed Robin
  1631 | D:2      | Found an opulent altar of Gozag.
  1896 | D:2      | Killed Robin
  1896 | D:2      | Reached XP level 4. HP: 14/24 MP: 2/13
  2204 | D:2      | Found a stormy altar of Qazlal.
  2431 | D:2      | Found a runed translucent door.
  2432 | D:2      | Noticed Crazy Yiuf
  2443 | D:2      | Learned a level 2 spell: Blink
  2466 | D:3      | Found a faded altar of an unknown god.
  2636 | D:3      | Learned a level 3 spell: Conjure Flame
  2640 | D:3      | Learned a level 3 spell: Mephitic Cloud
  2896 | D:3      | Reached XP level 5. HP: 25/28 MP: 5/14
  3118 | D:4      | Noticed Blork the orc
  3118 | D:4      | Noticed a phantom
  3157 | D:4      | Noticed an ogre
  3157 | D:4      | Noticed a phantom
  3345 | D:4      | Killed a phantom
  3345 | D:4      | Reached XP level 6. HP: 28/32 MP: 4/16
  3353 | D:4      | Reached skill level 1 in Fire Magic
  3671 | D:4      | Reached skill level 1 in Air Magic
  3671 | D:4      | Reached skill level 1 in Poison Magic
  4009 | D:4      | Found a snail-covered altar of Cheibriados.
  4059 | D:4      | Reached skill level 6 in Spellcasting
  4059 | D:4      | Reached skill level 5 in Conjurations
  4685 | D:4      | Reached XP level 7. HP: 35/36 MP: 2/18
  5072 | D:4      | Killed Blork the orc
  5151 | D:5      | Entered Level 5 of the Dungeon
  5270 | D:5      | Found Dunooshi's General Store.
  5276 | D:5      | Bought a scroll of identify for 28 gold pieces
  5276 | D:5      | Bought a potion of agility for 56 gold pieces
  5276 | D:5      | Bought a scroll of blinking for 105 gold pieces
  5816 | D:5      | Reached XP level 8. HP: 41/41 MP: 10/19
  6678 | D:5      | Reached skill level 7 in Spellcasting
  6740 | D:6      | HP: 2/41 [centaur/arrow (1)]
  7080 | D:6      | Shot with an arrow by a centaur

Levels and vault maps discovered:
D:1:      dpeg_arrival_water_temple_mockup, layout_basic, hex_large
D:2:      layout_basic, grunt_gozag_statues, first_ration,
          grunt_qazlal_sundering, uniq_crazy_yiuf_cottage, uniq_robin
D:3:      layout_rooms, chequers_ecumenical_altar_island
D:4:      layout_rooms, kennysheep_slug_shrine, uniq_blork_the_orc
D:5:      layout_loops_cross, serial_shops, shop_fountains, chequers_arboretum
D:6:      nicolae_whirlpool, layout_rooms, amethyst_overflow_temple_binary,
          minmay_temple_entry_junction_2, uniq_menkaure

Skill      XL: |  1  2  3  4  5  6  7  8 |
---------------+-------------------------+-----
Conjurations   | 2 3 4 5 6 |  6.6
Spellcasting   | 5 6 7 |  7.0
Summonings     | 2 3 4 |  4.2
Translocations | 2 3 |  3.7
Fire Magic     | 1 2 3 |  3.1
Air Magic      | 1 2 |  2.9
Poison Magic   | 1 2 3 |  3.1
Dodging        | |  2.4
Stealth        | |  2.4

Action                   |  1- 3 |  4- 6 |  7- 9 || total
-------------------------+-------+-------+-------++-------
Melee: Unarmed           |     1 |       |       ||     1
       Dagger            |       |    54 |       ||    54
       Scimitar          |       |     3 |     4 ||     7
Throw: Stone             |     1 |       |       ||     1
 Cast: Magic Dart        |    83 |   132 |   135 ||   350
       Call Imp          |     5 |     7 |     3 ||    15
       Conjure Flame     |       |     2 |     4 ||     6
       Mephitic Cloud    |       |     2 |     7 ||     9
  Use: Scroll            |       |     2 |     3 ||     5
       Potion            |       |     1 |       ||     1
 Stab: Confused          |       |       |     1 ||     1
  Eat: Chunk             |     3 |     6 |     2 ||    11
       Ration            |       |     1 |     1 ||     2
Armor: Robe              |     1 |     7 |     3 ||    11
Dodge: Dodged            |    11 |    16 |    31 ||    58
       Rpst.: Scimitar   |       |     4 |    11 ||    15
